Zazza, lawful female dwarven Archeologist -------- --------------------------------- |......+ `########................................| |......|# # |.------------.....------------ | |.....<|### +.|...|...|]%|.....+ |(((|...| |.......# |.|...|...|%%|.....| |(((|...| --------# |.|...|...|..|.....| |...|...| | |.|...|...-+--.....-----+---|--.| | ..--|---|--...................... -....| |.............{......{..........| ----- -.--|--|---....--|---...........| |.|@.$|...|---.|....|.----|----.| |.|.(.|...| +.|....|.| |... | |.|.Bf|...| |.|.._.|.+ |....| |.|..@|...| |.|....|.| |....| . |.------------.------.--------- | |...............................| --------------------------------- Zazza the Digger Experience level: 1 Strength: 14 Dexterity: 10 Constitution: 14 Intelligence: 16 Wisdom: 16 Charisma: 9 Health: 0(16) Energy: 0(0) Def: 1 Gold: 0 Moves: 3679 Dungeon seed: 3-8XFIAp2i5ac7D- Game ID: Zazza_1622052718 Your Inventory: Weapons a - a +2 bullwhip k - a +0 orcish spear m - a blessed +1 orcish dagger p - 11 +0 elven arrows v - a +2 dart A - a +0 orcish dagger F - 8 +0 darts K - 7 cursed -4 darts P - a blessed +0 scimitar Armor e - an uncursed +0 leather jacket (being worn) n - an uncursed +0 fedora (being worn) r - a cursed -1 orcish helm D - an uncursed +2 orcish helm N - an uncursed +0 orcish helm Y - an uncursed +0 orcish helm Comestibles b - 4 uncursed food rations x - an uncursed slime mold M - an uncursed lembas wafer V - 2 uncursed eggs Scrolls j - a blessed scroll of identify s - an uncursed scroll of identify y - an uncursed scroll of taming z - a blessed scroll of enchant weapon Spellbooks E - an uncursed spellbook of magic missile Potions h - an uncursed potion of invisibility i - an uncursed potion of extra healing o - an uncursed potion of oil B - a blessed potion of gain ability Rings w - a blessed +1 ring of increase accuracy I - a cursed ring of aggravate monster Gems q - an uncursed touchstone X - an uncursed jade stone Spells and supernatural/magical abilities: Name Level Category Fail Memory W - pray for help -- divine ? -- Your skills at the end: Fighting Skills Weapon Skills pick-axe [Basic] whip [Basic] Spellcasting Skills Final Attributes: You were fervently aligned. You had infravision. You were stealthy. You were fast. You were lucky. You are dead. Vanquished creatures: a shrieker a homunculus 2 giant bats a wererat 5 coyotes a manes a hobgoblin a cave spider a brown mold a yellow mold a green mold 2 red molds a gnome zombie 2 geckos 6 jackals a fox 4 kobolds 6 goblins 5 sewer rats 2 grid bugs 2 kobold zombies 4 newts 51 creatures vanquished. Voluntary challenges: You never hit with a wielded weapon. You were a pacifist. You read items or engraved 6 times, starting on turn 1973. You never genocided any monsters. You never polymorphed an object. You never changed form. You used no wishes. You never split a pudding. You wrote Elbereth's name 6 times, starting on turn 1973. You never violated your personal moral code. Dungeon overview: The Dungeons of Doom: levels 1 to 5 Level 1 a long staircase Level 2 Level 3 stairs to The Gnomish Mines Level 4 (g) a fountain Level 5 a fountain The Gnomish Mines: levels 4 to 7 Level 4 stairs to The Dungeons of Doom Level 5 Level 6 Level 7 <- You were here some shops, a temple to Camaxtli, some fountains History has recorded: On T:1 you entered the Dungeons of Doom to retrieve the Amulet of Yendor! On T:193 you reached level 2 of The Dungeons of Doom. On T:468 you reached level 3 of The Dungeons of Doom. On T:641 you reached level 4 of The Dungeons of Doom. On T:738 you reached level 5 of The Dungeons of Doom. On T:1333 you reached level 1 of The Gnomish Mines. On T:1836 you reached level 2 of The Gnomish Mines. On T:2487 you reached level 3 of The Gnomish Mines. On T:2653 you reached level 4 of The Gnomish Mines. Score breakdown: Gold: 0 ( 0 points) Experience: 1 level ( 0 points) Exploration: 7 levels ( 14.58%) (10718 points) Discoveries: 13 items ( 4.45%) ( 6329 points) Valuables value: (no points given unless you survive) Artifact value: 0 ( 0 points) Variety of kills: 22 monsters ( 5.77%) ( 7208 points) Turncount: 3679 turns ( -901 points) Survival: died (score multiplied by 80%) Total score: 18683 Latest messages: Armand picks up an uncursed sack. Rewuorb encourages you to use your 417 zorkmids of credit. You displace Armand. "Hello, Zazza! Welcome again to Rewuorb's hardware store!" Armand drops an uncursed sack. You see here an uncursed sack. You have a little trouble lifting f - an uncursed sack. Your movements are slowed slightly because of your load. "Hello, Zazza! Welcome again to Rewuorb's hardware store!" You drop an uncursed sack. You sold an uncursed sack for 340 gold pieces. Your movements are now unencumbered. You see here 2231 gold pieces. You drop 340 gold pieces. 340 zorkmids are added to your credit. Your wallet is empty. You have 757 zorkmids credit at Rewuorb's hardware store. You don't owe any money here. The giant bat bites! (3x) You see here an uncursed sack (901 zorkmids). The giant bat bites! You die... Rewuorb gratefully inherits all your possessions. Final status: Goodbye Zazza the Archeologist, killed by a giant bat... You died in The Gnomish Mines on dungeon level 7 with 18683 points, and 0 pieces of gold, after 3679 moves. You were level 1 with a maximum of 16 hit points when you died.